 Dungeon Crawl Stone Soup version 0.28-a0-1152-g9c71ebef14 (webtiles) character file.

Game seed: 10515282634760398323

122 spaghetti the Ducker (level 4, -3/35 HPs)
             Began as a Mummy Delver on Dec 14, 2021.
             Slain by a wight (9 damage)
             ... on level 9 of the Dungeon.
             The game lasted 00:02:59 (1363 turns).

spaghetti the Ducker (Mummy Delver)                 Turns: 1363, Time: 00:03:00

Health: -3/35      AC:  3    Str: 15    XL:     4   Next: 78%
Magic:  4/4        EV: 13    Int: 11    God:
Gold:   1202       SH:  0    Dex: 13    Spells: 3/3 levels left

rFire   x . .      SeeInvis .   a - +0 falchion {long}
rCold   + . .      Faith    .   (no shield)
rNeg    + + +      Spirit   .   b - +0 leather armour
rPois   ∞          Reflect  .   (no helmet)
rElec   .          Harm     .   (no cloak)
rCorr   .          Rampage  .   (no gloves)
Will    .....                   (no boots)
Stlth   ++........              (no amulet)
HPRegen 0.11/turn               (no ring)
MPRegen 0.09/turn               (no ring)

@: no status effects
A: cold resistance 1, negative energy resistance 3, torment resistance 2, heat
vulnerability 1, no potions
a: no special abilities


You were on level 9 of the Dungeon.
You visited 1 branch of the dungeon, and saw 5 of its levels.

You collected 1202 gold pieces.


Innate Abilities, Weirdness & Mutations

You are immune to poison.
Your flesh is cold resistant. (rC+)
You are immune to negative energy. (rN+++)
You are immune to unholy pain and torment.
You are vulnerable to heat. (rF-)
You do not drink.


   Skills:
 - Level 3.0 Fighting
 - Level 1.5 Long Blades
 + Level 4.2 Dodging
 - Level 4.1 Stealth


You had 3 spell levels left.
You didn't know any spells.
Your spell library was empty.

Inventory:

Hand Weapons
 a - a +0 falchion (weapon) {long}
Missiles
 h - 8 poisoned darts (quivered) {throwing}
Armour
 b - a +0 leather armour (worn)
Jewellery
 g - an amulet of faith {!P}
   (You found it on level 5 of the Dungeon)
Wands
 f - a wand of digging (3)
Scrolls
 c - a scroll of fog

Dungeon Overview and Level Annotations

Branches:
Dungeon (9/15)
 Temple: D:4-7         Lair: D:8-11         Orc: D:9-12

Altars:

##### ## ##...#..#
###....... # #
#......#...# #.
#...<......# ..
#...#......#
.>#.#####
##..###....#
........# ##..# #...
#...@# ##...#... ..
##.#z###......... .
#..............D.
......##.............
.....# ##.##.........
##... #....##.##...
### ...... ..##..
#........## #..###...


You could see a wight.


Message History

😮 HP[+1]
d - a scroll labelled NAMEFU DINAT This is a scroll of acquirement!
Something appears at your feet!
Unknown command.
You now have 1202 gold pieces (gained 1193).
You open the door.
There is an open door here.
You open the door.
An orc, an orc priest and an orc wizard come into view.
The orc priest is wielding a +0 flail and wearing a +1 chain mail of poison resistance.
The orc wizard shouts!
The orc shouts!
You hear a shout!
The orc priest shouts!
You hear a shout!
The orc priest looks satisfied for a moment.
An orc wizard comes into view. It is wielding a +0 dagger. 😎 HP[+10]
Your hp is fully restored (35).
Okay, then.
Unknown command.
An orc comes into view. It is wielding a +0 short sword.
The orc moves out of view.
There is a stone staircase leading down here.
You climb downwards.
Found a stone staircase leading down.
There is a stone staircase leading up here.
Unknown command.
Unknown command.
Unknown command.
Unknown command.
The wight closely misses you.
There is a stone staircase leading down here.
The wight hits you with a +0 hand axe!
You climb downwards.
There is a stone staircase leading up here. 😮 HP[-9]
You take 9 damage, and now have 26/35 hp.
MASSIVE DAMAGE!! (PAUSE) Unknown command.
Unknown command.
You hit the wight.
The wight hits you with a +0 hand axe. 😮 HP[-3]
You take 3 damage, and now have 23/35 hp.
You can't drink.
Unknown command.
Okay, then.
Okay, then.
Unknown command.
Okay, then.
You hit the wight. The wight barely misses you.
You hit the wight. The wight barely misses you.
Unknown command.
Unknown command.
You closely miss the wight. The wight hits you with a +0 hand axe!
* * * LOW HITPOINT WARNING * * *
😨 HP[-9]
You take 9 damage, and now have 14/35 hp.
MASSIVE DAMAGE!! (PAUSE) Unknown command.
Unknown command.
You closely miss the wight. The wight closely misses you.
The wight hits you with a +0 hand axe.
* * * LOW HITPOINT WARNING * * *
😨 HP[-5]
You take 5 damage, and now have 9/35 hp.
Unknown command.
Unknown command.
Unknown command.
You can't see any enemies this would affect, really read the scroll of fear? [Y]es or [N]o only, please.
You can't see any enemies this would affect, really read the scroll of fear?
Okay, then.
Unknown command.
You can't see any enemies this would affect, really read the scroll of fear?
As you read the scroll of fear, it crumbles to dust.
You assume a fearsome visage.
The wight is unaffected.
The wight barely misses you.
Unknown command.
Unknown command.
You closely miss the wight. The wight hits you with a +0 hand axe.
* * * LOW HITPOINT WARNING * * *
😱 HP[-2]
You take 2 damage, and now have 7/35 hp.
Unknown command.
Unknown command.
You barely miss the wight. The wight misses you.
You hit the wight. The wight hits you with a +0 hand axe.
* * * LOW HITPOINT WARNING * * *
😱 HP[-2]
You take 2 damage, and now have 5/35 hp.
Unknown command.
Unknown command.
Unknown command.
An acid dragon comes into view. 😱 HP[+1]
Found a stone staircase leading up.
Found a stone staircase leading down.
There is a stone staircase leading up here.
The wight hits you with a +0 hand axe!
You die...

Skill      XL: |  1  2  3  4 |
---------------+-------------+-----
Dodging        | 3 4 |  4.2
Fighting       | |  3.0
Long Blades    | |  1.5
Stealth        | |  4.1

Action                   |  1- 3 |  4- 6 || total
-------------------------+-------+-------++-------
Melee: Falchion          |    20 |    37 ||    57
Throw: Dart              |    17 |     8 ||    25
  Use: Scroll            |       |     3 ||     3
 Stab: Sleeping          |     2 |       ||     2
Armor: Leather armour    |     8 |    10 ||    18
Dodge: Dodged            |    29 |    29 ||    58

Levels and vault maps discovered:
D:5:      cheibrodos_helix_gallery, layout_basic, minmay_temple_entry_mini_moons
D:6:      layout_cave_pools, minivault_1, chequers_big_river,
          kennysheep_generic_room_12, uniq_blork_the_orc
D:7:      layout_gridville, mainiacjoe_overflow_surrounded_room,
          grunt_ministairs_9, lemuel_old_faithful
D:8:      layout_cave_pods, lemuel_coloured_pillars_altar,
          okawaru_altar_gauntlet_db, serial_park, serial_park_gazebo
          [serial_park_minivault_5x5_3], serial_park_tiny_2, serial_park_square3
          [serial_park_minivault_5x5_2], serial_park_tiny_1,
          minmay_fractal_squares_diagonal_5, uniq_pikel
D:9:      layout_cave_pools, nicolae_uskayaw_dance_hall, cheibriados_altar_1,
          lair_entry_dummy, orc_0_dummy

Notes
Turn   | Place    | Note
-------+----------+-------------------------------------------
     0 | D:5      | spaghetti the Mummy Delver began the quest for the Orb.
     0 | D:5      | Reached XP level 1. HP: 18/18 MP: 1/1
     0 | D:5      | magus.rc [v1.9.6]
    24 | D:5      | Noticed a jelly
    58 | D:6      | Noticed an ice beast
    58 | D:6      | Noticed a jelly
    69 | D:6      | Noticed a wight
    71 | D:6      | Noticed a wight
    71 | D:6      | Noticed a wight
    71 | D:6      | Noticed a wight
    80 | D:6      | HP: 4/18 [centaur skeleton (2)]
   462 | D:5      | Noticed a scorpion
   475 | D:5      | Killed a scorpion
   476 | D:5      | Reached skill level 3 in Dodging
   476 | D:5      | Reached XP level 2. HP: 22/24 MP: 2/2
   476 | D:5      | Reached XP level 3. HP: 26/29 MP: 3/3
   642 | D:5      | Reached XP level 4. HP: 18/35 MP: 4/4
   818 | D:5      | Noticed an ice beast
   845 | D:5      | HP: 6/35 [ice beast (6)]
   902 | D:5      | HP: 4/35 [ice beast (5)]
  1205 | D:7      | Reached skill level 4 in Dodging
  1211 | D:7      | Identified a scroll of acquirement
  1211 | D:7      | Acquired 1193 gold pieces
  1350 | D:9      | HP: 7/35 [wight (3)]
  1355 | D:9      | Noticed an acid dragon
  1363 | D:9      | Slain by a wight

Vanquished Creatures
  A scorpion (D:5)
  A bullfrog zombie (D:5)
  A bullfrog skeleton (D:7)
  An orc (D:5)
4 creatures vanquished.

Table legend:
 A = Non-vault XP
 B = Vault XP
 C = Vault XP percentage of total XP
 D = Non-vault monster count
 E = Vault monster count
 F = Vault count percentage of total count
                 A         B        C        D         E       F
            +---------+---------+-------+---------+---------+-------
      Total |     175 |       0 |   0.0 |       4 |       0 |   0.0
            +---------+---------+-------+---------+---------+-------
        D:5 |     135 |       0 |   0.0 |       3 |       0 |   0.0
        D:7 |      40 |       0 |   0.0 |       1 |       0 |   0.0
            +---------+---------+-------+---------+---------+-------

Illustrated notes

Table legend:
 A = Kills in this place as a percentage of kills in entire the game.
 B = Kills by you in this place as a percentage of kills by you in the entire game.
 C = Kills by friends in this place as a percentage of kills by friends in the entire game.
 D = Other kills in this place as a percentage of other kills in the entire game.
 E = Experience gained in this place as a percentage of experience gained in the entire game.
 F = Experience gained in this place divided by the number of levels of this place that you have seen.
                   A       B       C       D       E      F
               +-------+-------+-------+-------+-------+----------------------
         Total | 100.0 | 100.0 |   N/A |   N/A | 100.0 |  35.0
       Dungeon | 100.0 | 100.0 |   N/A |   N/A | 100.0 |  35.0
               +-------+-------+-------+-------+-------+----------------------

Table legend: (Time is in decaauts)
 A = Elapsed time spent in this place.
 B = Non-inter-level travel time spent in this place.
 C = Inter-level travel time spent in this place.
 D = Time resting spent in this place.
 E = Time spent auto-exploring this place.
 F = Levels seen in this place.
 G = Mean time per level.
                   A        B        C        D        E       F      G
               +--------+--------+--------+--------+--------+-----+--------+
         Total |   1375 |   1375 |      0 |    753 |    356 |   5 |  275.0 |
       Dungeon |   1375 |   1375 |      0 |    753 |    356 |   5 |  275.0 |
               +--------+--------+--------+--------+--------+-----+--------+

Top non-repeatable levels by time:
     D:5: 890 daAuts
     D:7: 425 daAuts
     D:6: 32 daAuts
     D:9: 21 daAuts
     D:8: 5 daAuts
